 Dungeon Crawl Stone Soup version 0.19-a0-1670-gc28a5d9 (webtiles) character file.

428 beholder the Charmwright (level 6, -1/44 HPs)
             Began as a Demonspawn Skald on Sept 21, 2016.
             Was a Follower of Kikubaaqudgha.
             Killed by divine providence
             ... invoked by an orc priest
              (12 damage)
             ... on level 4 of the Dungeon.
             The game lasted 00:16:29 (2834 turns).

beholder the Charmwright (Demonspawn Skald)         Turns: 2834, Time: 00:16:29

Health: -1/44      AC:  7    Str: 14    XL:     6   Next: 65%
Magic:  9/9        EV: 16    Int: 14    God:    Kikubaaqudgha [*.....]
Gold:   192        SH:  0    Dex: 21    Spells: 4 memorised, 0 levels left

rFire  . . .     SeeInvis .     a - +0 spear
rCold  . . .     Gourm    .     b - +0 leather armour
rNeg   . . .     Faith    .     (no shield)
rPois  .         Spirit   .     p - +0 helmet
rElec  .         Dismiss  .     f - +0 cloak
rCorr  .         Reflect  .     (no gloves)
MR     .....     Harm     .     (no boots)
Stlth  +++.......               (no amulet)
                                (no ring)
                                l - +4 ring of dexterity

@: agile
A: yellow scales 1, powered by pain 1
a: Receive Corpses, Renounce Religion


You were on level 4 of the Dungeon.
You worshipped Kikubaaqudgha.
Kikubaaqudgha was aware of your devotion.
You were not hungry.

You visited 1 branch of the dungeon, and saw 4 of its levels.

You collected 192 gold pieces.

Inventory:

Hand Weapons
 a - a +0 spear (weapon)
 q - a +0 dagger of electrocution
Armour
 b - a +0 leather armour (worn)
 f - a +0 cloak (worn)
 p - a +0 helmet (worn)
Jewellery
 l - a +4 ring of dexterity (left hand)
Wands
 g - a wand of digging (16/24)
 w - a wand of flame (21/48)
Scrolls
 e - 2 scrolls of remove curse
 h - 3 scrolls of fog {unknown}
 j - a scroll of enchant weapon {unknown}
 k - 2 scrolls of identify {unknown}
 m - a scroll of recharging {unknown}
 s - 2 scrolls of fear {unknown}
 u - a scroll of enchant armour {unknown}
 z - a scroll of amnesia {unknown}
Potions
 i - 2 potions of invisibility
 o - 3 potions of curing
 r - 2 potions of agility {unknown}
 v - a potion of heal wounds {unknown}
 x - a potion of haste {unknown}
Books
 c - a book of Battle

   Spells                             Type                      Level
   a - Infusion                       Charms                       1
   b - Shroud of Golubria             Charms/Translocation         2
   c - Song of Slaying                Charms                       2
   d - Spectral Weapon                Hexes/Charms                 3
   e - Regeneration                   Charms/Necromancy            3
 t - a book of Spatial Translocations

   Spells                             Type                      Level
   a - Apportation                    Translocation                1
   b - Blink                          Translocation                2
   c - Shroud of Golubria             Charms/Translocation         2
   d - Portal Projectile              Translocation                3
   e - Teleport Other                 Translocation                3
   f - Passage of Golubria            Translocation                4
 y - Kikubaaqudgha's Volume of Dark Arts
   (Kikubaaqudgha gifted it to you on level 3 of the Dungeon)

   Spells                             Type                      Level
   a - Animate Skeleton               Necromancy                   1
   b - Corpse Rot                     Necromancy                   2
   c - Sublimation of Blood           Necromancy                   2
   d - Regeneration                   Charms/Necromancy            3
   e - Control Undead                 Necromancy                   4
Comestibles
 d - 3 bread rations
 n - 2 meat rations
 A - a chunk of flesh


   Skills:
 - Level 2.0 Fighting
 - Level 2.0 Polearms
 - Level 2.0 Armour
 - Level 1.0 Dodging
 - Level 2.1 Spellcasting
 + Level 3.0 Hexes
 + Level 4.5 Charms
 + Level 3.9 Necromancy


You couldn't memorise any spells.
You knew the following spells:

 Your Spells              Type           Power        Failure   Level  Hunger
a - Infusion              Chrm           ##..         4%          1    #......
c - Corpse Rot            Necr           N/A          12%         2    ###....
r - Regeneration          Chrm/Necr      ##........   17%         3    ###....
w - Spectral Weapon       Hex/Chrm       ##......     21%         3    ###....


Dungeon Overview and Level Annotations

Branches:
Dungeon (4/15)             Temple (0/1) D:4

Altars:
Fedhas
Kikubaaqudgha
Makhleb
Okawaru


Innate Abilities, Weirdness & Mutations

You are partially covered in yellow scales. (AC +2)
You sometimes gain a little power by taking damage.


Message History

As you read the scroll labeled VUETZATIOPA, it crumbles to dust.
You feel blessed for a moment.
It was a scroll of remove curse.
The orc priest miscasts a cantrip.
The orc wizard casts a spell at you. The puff of flame hits you!
The orc priest invokes the aid of Beogh against you.
Beogh smites you!
You focus on the pain.
You feel agile all of a sudden.
You take 8 damage, and have 23/44 hp.
The orc wizard looks encouraged for a moment.
The orc priest calls down the wrath of Beogh upon you.
Beogh smites you!
* * * LOW HITPOINT WARNING * * *
You focus on the pain.
You feel more agile all of a sudden.
You take 12 damage, and have 11/44 hp.
MASSIVE DAMAGE!!
The orc priest calls down the wrath of Beogh upon you.
Beogh smites you!
You die...
Kikubaaqudgha rasps: "You have failed me!
Welcome... death!"

#..#..#####.# #
###..#........##.#
...........<.....
....#########..#........####
[...............#..)..(....#
.#.........................#
..................#........#
.##...............#........#
..............##@##.........
>.............##......######
.#....................# ..
.#....<......###...o..# .
.............# ##.....#
#>#############....o..#
....# ..l≈. #.###.....
...###.≈.P≈≈≈##. #oo....
....#..≈.≈≈≈.P# #......


You could see 2 orc priests, an orc wizard and an orc.

Vanquished Creatures
  Sigmund (D:2)
  An orc priest (D:3)
  A hound (D:4)
  2 worker ants (D:4)
  Robin (D:2)
  An adder (D:2)
  3 gnolls (D:2)
  4 worms
  2 dart slugs (D:2)
  4 leopard geckos
  4 orcs (D:3)
  6 bats
  5 giant cockroaches
  14 goblins
  18 hobgoblins
  2 jackals (D:1)
  3 quokkas
  3 ball pythons
  2 frilled lizards (D:1)
  9 kobolds
  3 rats
89 creatures vanquished.

Vanquished Creatures (others)
  A quokka (D:4)
  3 fungi (D:4)
4 creatures vanquished.

Grand Total: 93 creatures vanquished

Notes
Turn   | Place    | Note
-------+----------+-------------------------------------------
     0 | D:1      | beholder the Demonspawn Skald began the quest for the Orb.
     0 | D:1      | Reached XP level 1. HP: 16/16 MP: 3/3
    15 | D:1      | Reached skill level 1 in Armour
    20 | D:1      | Reached skill level 1 in Dodging
   116 | D:1      | Gained mutation: You are partially covered in yellow scales. (AC +2) [demonic ancestry]
   116 | D:1      | Reached XP level 2. HP: 22/22 MP: 5/5
   697 | D:2      | Reached skill level 3 in Charms
   713 | D:2      | Gained mutation: You sometimes gain a little power by taking damage. [demonic ancestry]
   713 | D:2      | Reached XP level 3. HP: 26/27 MP: 6/6
   725 | D:2      | Learned a level 3 spell: Regeneration
   903 | D:2      | Noticed Robin
   926 | D:2      | Reached skill level 1 in Necromancy
   984 | D:2      | Killed Robin
   985 | D:2      | Reached XP level 4. HP: 21/33 MP: 2/7
  1054 | D:2      | Found an ancient bone altar of Kikubaaqudgha.
  1090 | D:2      | Became a worshipper of Kikubaaqudgha
  1103 | D:2      | Learned a level 3 spell: Spectral Weapon
  1109 | D:2      | Found a burning altar of Makhleb.
  1152 | D:2      | Noticed Sigmund
  1164 | D:2      | Killed Sigmund
  1164 | D:2      | Reached skill level 4 in Charms
  1164 | D:2      | Reached XP level 5. HP: 18/38 MP: 8/8
  1171 | D:2      | Found a blossoming altar of Fedhas.
  1353 | D:2      | Reached XP level 6. HP: 29/44 MP: 4/9
  1368 | D:2      | Found an iron altar of Okawaru.
  1421 | D:2      | Found a blossoming altar of Fedhas.
  1998 | D:3      | Reached * piety under Kikubaaqudgha
  1998 | D:3      | Identified Kikubaaqudgha's Volume of Dark Arts (Kikubaaqudgha gifted it to you on level 3 of the Dungeon)
  1998 | D:3      | Received a gift from Kikubaaqudgha
  2003 | D:3      | Learned a level 2 spell: Corpse Rot
  2333 | D:4      | Found a staircase to the Ecumenical Temple.
  2834 | D:4      | Killed from afar by an orc priest

Vault maps used:
D:1:      eino_arrival_water_cross
D:2:      kiku_gazebo_garden_becter, okawaru_altar_gauntlet_db,
          lemuel_crystal_altar, lemuel_crystal_altar, fedhas_altar_1,
          uniq_sigmund, uniq_robin
D:4:      kennysheep_goblin_castle, elyvilon_altar_4, serial_aquarium,
          aquarium_bridge_square, aquarium_bridge_square, aquarium_window_fake,
          aquarium_window_2, aquarium_view_2e, aquarium_balcony_3a,
          aquarium_pool_corner, minmay_three_crescents

Skill      XL: |  1  2  3  4  5  6 |
---------------+-------------------+-----
Armour         | 1 2 |  2.0
Dodging        | 1 |  1.0
Polearms       | 2 |  2.0
Charms         | 3 4 |  4.5
Necromancy     | 1 3 |  3.9
Hexes          | 2 3 |  3.0
Fighting       | |  2.0
Spellcasting   | |  2.1

Action                   |  1- 3 |  4- 6 || total
-------------------------+-------+-------++-------
Melee: Spear             |   163 |   220 ||   383
       Dagger            |       |     8 ||     8
 Cast: Infusion          |     4 |     4 ||     8
       Regeneration      |     2 |     5 ||     7
       Spectral Weapon   |       |     1 ||     1
       Corpse Rot        |       |     3 ||     3
  Use: Potion            |       |     3 ||     3
       Scroll            |       |     1 ||     1
 Stab: Sleeping          |     2 |     4 ||     6
       Invisible         |       |     2 ||     2
  Eat: Chunk             |       |     8 ||     8
Armor: Leather armour    |    48 |    61 ||   109
Dodge: Dodged            |    72 |   106 ||   178
